 Dungeon Sprint DCSS version 0.19-a0-1532-g228a5d9 (webtiles) character file.

58 poirepourri the Covert (level 3, -1/16 HPs)
             Began as a Spriggan Enchanter on Sept 13, 2016.
             Splashed by an oklob sapling's acid (10 damage)
             ... in the Dungeon (Sprint IV: "Fedhas' Mad Dash").
             The game lasted 00:00:17 (36 turns).

poirepourri the Covert (Spriggan Enchanter)           Turns: 36, Time: 00:00:18

Health: -1/16      AC:  3    Str:  4    XL:     3   Next: 75%
Magic:  8/8        EV: 21    Int: 16    God:
Gold:   3          SH:  0    Dex: 17    Spells: 2 memorised, 4 levels left

rFire  . . .     SeeInvis +     a - +1 dagger
rCold  . . .     Gourm    .     b - +1 robe
rNeg   . . .     Faith    .     (shield restricted)
rPois  .         Spirit   .     (helmet restricted)
rElec  .         Dismiss  .     (no cloak)
rCorr  .         Reflect  .     (gloves unavailable)
MR     .....     Harm     .     (boots unavailable)
Stlth  ++++++.... NoTele   +    (no amulet)
                                (no ring)
                                (no ring)

@: very quick
A: unfitting armour, see invisible, herbivore 3, speed 3, slow metabolism 2
a: no special abilities


You were in the Dungeon.
You were not hungry.

You visited 1 branch You collected 3 gold pieces.

Inventory:

Hand Weapons
 a - a +1 dagger (weapon)
Armour
 b - a +1 robe (worn)
Scrolls
 j - a scroll of blinking
Potions
 e - a potion of curing
 f - a potion of heal wounds
 g - a potion of haste
 h - 2 potions of magic
 i - a potion of berserk rage
Books
 c - a book of Maledictions

   Spells                             Type                      Level
   a - Corona                         Hexes                        1
   b - Ensorcelled Hibernation        Hexes/Ice                    2
   c - Confuse                        Hexes                        3
   d - Tukima's Dance                 Hexes                        3
   e - Dazzling Spray                 Conjuration/Hexes            3
Comestibles
 d - a bread ration


   Skills:
 + Level 1.3 Short Blades
 + Level 5.5 Dodging
 + Level 11.0 Stealth
 - Level 2.6 Spellcasting
 - Level 3.6 Hexes


You had 4 spell levels left.
You knew the following spells:

 Your Spells              Type           Power        Failure   Level  Hunger
a - Corona                Hex            ##.....      6%          1    #......
b - Ensorcelled Hibernat  Hex/Ice        #.....       17%         2    ##.....


Dungeon Overview and Level Annotations

Branches:
Dungeon (1/1)

Altars:

Annotations:
D exclusion: oklob sapling


Innate Abilities, Weirdness & Mutations

You are tiny and cannot use many weapons and most armour.
You have supernaturally acute eyesight. (SInv)
You are a herbivore.
You cover ground extremely quickly.
You need consume almost no food.


Message History

There is an open door here.
You hit the oklob sapling.
The oklob sapling is heavily damaged.
You see here 12 gold pieces.
Cast which spell? (? or * to list)
You don't know that spell.
Cast which spell? (? or * to list)
You can't see any susceptible monsters within range! (Use Z to cast anyway.)
You hit the oklob sapling.
The oklob sapling is almost destroyed.
You hit the oklob sapling but do no damage.
The oklob sapling is almost destroyed.
You hit the oklob sapling but do no damage.
The oklob sapling is almost destroyed.
You hit the oklob sapling but do no damage.
The oklob sapling is almost destroyed.
The oklob sapling spits acid at you. The splash of acid hits you!
The acid burns!
Ouch! That really hurt!
You die...

##################
#<..P#.....#.$$$$#
#PP..'...†.'.#[%.+
#PPPP#.....#.#"..#
###############'##
+...# #$P@# #####


You could see an oklob sapling.

Vanquished Creatures
  An oklob sapling (D)
  A worker ant (D)
  A river rat (D)
  A rat (D)
4 creatures vanquished.

Notes
Turn   | Place    | Note
-------+----------+-------------------------------------------
     0 | D        | poirepourri the Spriggan Enchanter began the quest for the Orb.
     0 | D        | Reached XP level 1. HP: 9/9 MP: 5/5
     8 | D        | Reached skill level 6 in Stealth
     8 | D        | Reached XP level 2. HP: 13/13 MP: 6/6
     9 | D        | Reached skill level 7 in Stealth
    15 | D        | Learned a level 2 spell: Ensorcelled Hibernation
    19 | D        | Noticed an oklob sapling
    21 | D        | Killed an oklob sapling
    21 | D        | Reached skill level 5 in Dodging
    21 | D        | Reached skill level 9 in Stealth
    21 | D        | Reached XP level 3. HP: 16/16 MP: 8/8
    27 | D        | Noticed an oklob sapling
    28 | D        | Reached skill level 11 in Stealth
    36 | D        | Splashed by an oklob sapling's acid

Vault maps used:
D:        dungeon_sprint_fedhas

Skill      XL: |  1  2  3 |
---------------+----------+-----
Dodging        | 4 5 |  5.5
Stealth        | 6 9 11 | 11.0
Short Blades   | |  1.3
Spellcasting   | |  2.6
Hexes          | |  3.6

Action                   || total
-------------------------++-------
Melee: Dagger            ||     9
 Stab: Sleeping          ||     3
